 Dungeon Crawl Stone Soup version 0.30-a0-639-g3916f1956a (webtiles) character file.

Game seed: 8134670092454231391

56 acebull12 the Conjurer (level 3, 21/21 HPs)
             Began as a Tengu Reaver on Jan 13, 2023.
             Quit the game on level 2 of the Dungeon on Jan 16, 2023.
             The game lasted 00:03:44 (1207 turns).

acebull12 the Conjurer (Tengu Reaver)               Turns: 1207, Time: 00:03:45

Health: 21/21      AC:  3    Str: 14    XL:     3   Next: 97%
Magic:  7/7        EV: 12    Int: 13    God:
Gold:   78         SH:  0    Dex: 12    Spells: 5/6 levels left

rFire   . . .      SeeInvis .    a - +0 spear
rCold   . . .      Faith    .    (no shield)
rNeg    . . .      Spirit   .    b - +0 leather armour
rPois   .          Reflect  .    (helmet restricted)
rElec   .          Harm     .    (no cloak)
rCorr   .          Rampage  .    (no gloves)
Will    .....                    (boots unavailable)
Stlth   +                        (no amulet)
HPRegen 0.23/turn                (no ring)
MPRegen 0.10/turn                (no ring)

@: no status effects
A: beak, talons 3
a: no special abilities


You were on level 2 of the Dungeon.
You visited 1 branch of the dungeon, and saw 2 of its levels.

You collected 78 gold pieces.

Inventory:

Hand Weapons
 a - a +0 spear (weapon)
Armour
 b - a +0 leather armour (worn)
 c - an orb of energy
Scrolls
 f - a scroll of summoning {unknown}
 h - a scroll of blinking {unknown}
 k - a scroll of immolation {unknown}
 l - a scroll of identify {unknown}
Potions
 d - 3 potions of invisibility {unknown}
 e - a potion of degeneration {unknown}
 g - a potion of flight {unknown}
 i - 2 potions of curing {unknown}
 j - a potion of cancellation {unknown}


   Skills:
 + Level 2.2 Fighting
 + Level 4.0 Polearms
 + Level 1.4 Armour
 + Level 2.3 Dodging
 + Level 2.2 Spellcasting
 + Level 4.6 Conjurations


You had 5 spell levels left.
You knew the following spells:

 Your Spells              Type           Power      Damage    Failure   Level
a - Kiss of Death         Conj/Necr      28%        2d7       12%         1

Your spell library contained the following spells:

 Spells                   Type           Power      Damage    Failure   Level
 Momentum Strike          Conj/Tloc      14%        3d8       19%         2
 Hailstorm                Conj/Ice       7%         3d4       34%         3
 Kindle Blastsparks       Fire/Tloc/Air  2%         2d10      67%         3
 Fulminant Prism          Conj/Hex       3%         3d5       75%         4
 Iskenderun's Mystic Bla  Conj/Tloc      7%         2d4       75%         4
 Lee's Rapid Deconstruct  Erth           0%         3d4*      100%        5


Dungeon Overview and Level Annotations

Branches:
Dungeon (2/15)

Altars:


Innate Abilities, Weirdness & Mutations

You have a beak for a mouth.
You have claws for feet.


Message History

There is an open door here.
You open the door.
There is an open door here.
As you open the door, it creaks loudly!
No target in view!
No target in view!
There is an open door here.
There is an open door here.
Things that are here:
a frilled lizard skeleton; a hobgoblin skeleton You now have 70 gold pieces (gained 10).
You open the door.
Found a battleaxe and a stone.
There is an open door here.
A quokka comes into view.
Found 8 gold pieces.
A quokka is nearby!
A goblin comes into view. It is wielding a +0 club.
The goblin shouts!
The quokka twitches its whiskers.
You closely miss the goblin. The goblin closely misses you.
You closely miss the goblin. Your kick misses the goblin.
The goblin barely misses you.
You hit the goblin but do no damage. Your kick misses the goblin.
You peck the goblin.
The goblin is moderately wounded.
The goblin hits you with a +0 club.
You hit the goblin.
You kill the goblin!
You hit the quokka. You peck the quokka.
You kill the quokka!
No target in view!
Found a short sword.
You see here a +0 club.
You now have 78 gold pieces (gained 8).
You see here a +0 short sword.
Done exploring.
Welcome back, acebull12 the Tengu Reaver.
Press ? for a list of commands and other information.
Are you sure you want to abandon this character and quit the game? (Confirm with "yes".)

###.....#
♣♣.....♣♣
#.#####
♣♣.......♣♣
#.#
♣♣....♣....♣♣
#.#
♣...##)##...♣
#.#
♣(..#...#.).♣
###
♣..♣..♣).♣..♣
♣...#...#...♣
♣...##.##...♣
♣♣....♣@...♣♣
♣♣.......♣♣
♣♣.....♣♣
♣♣♣♣♣♣♣


There were no monsters in sight!

Vanquished Creatures
  A worm (D:2)
  2 dart slugs (D:2)
  4 ball pythons
  4 endoplasms
  A giant cockroach (D:1)
  6 goblins
  6 hobgoblins
  3 quokkas
  3 bats (D:1)
  7 frilled lizards
  3 kobolds
  8 rats
48 creatures vanquished.

Notes
Turn   | Place    | Note
-------+----------+-------------------------------------------
     0 | D:1      | acebull12 the Tengu Reaver began the quest for the Orb.
     0 | D:1      | Reached XP level 1. HP: 12/12 MP: 4/4
    60 | D:1      | Reached XP level 2. HP: 7/17 MP: 6/6
   449 | D:1      | Reached XP level 3. HP: 21/21 MP: 7/7
   777 | D:2      | Reached skill level 1 in Armour
  1207 | D:2      | Upgraded the game from 0.30-a0-632-g346586fe48 to
                  | 0.30-a0-639-g3916f1956a
  1207 | D:2      | Quit the game

Illustrated notes

Levels and vault maps discovered:
D:1:      eino_arrival_cavern_b, layout_rooms
D:2:      layout_rooms, grunt_ministairs_10, minivault_11, supply_closet_lemuel,
          kennysheep_generic_room_2

Skill      XL: |  1  2  3 |
---------------+----------+-----
Armour         | 1 |  1.4
Polearms       | 4 |  4.0
Fighting       | |  2.2
Dodging        | |  2.3
Spellcasting   | |  2.2
Conjurations   | |  4.6

Action                   || total
-------------------------++-------
Melee: Spear             ||   137
       Peck              ||    13
       Kick              ||    17
       Punch             ||     1
Armor: Leather armour    ||    22
Dodge: Dodged            ||    50

Table legend: (Time is in decaauts)
 A = Elapsed time spent in this place.
 B = Non-inter-level travel time spent in this place.
 C = Inter-level travel time spent in this place.
 D = Time resting spent in this place.
 E = Time spent auto-exploring this place.
 F = Levels seen in this place.
 G = Mean time per level.
                   A        B        C        D        E       F      G
               +--------+--------+--------+--------+--------+-----+--------+
         Total |   1196 |   1168 |     28 |     44 |    877 |   2 |  598.0 |
       Dungeon |   1196 |   1168 |     28 |     44 |    877 |   2 |  598.0 |
               +--------+--------+--------+--------+--------+-----+--------+

Top non-repeatable levels by time:
     D:1: 709 daAuts
     D:2: 487 daAuts
